 Dungeon Crawl Stone Soup version 0.31-a0-960-g0fca184906 (webtiles) character file.

Game seed: 12927611192057888967

21 p00ps00p the Trooper (level 2, -1/27 HPs)
             Began as a Hill Orc Fighter on Oct 24, 2023.
             Succumbed to a kobold's poison
             ... on level 2 of the Dungeon.
             The game lasted 00:01:56 (652 turns).

p00ps00p the Trooper (Hill Orc Fighter)              Turns: 652, Time: 00:01:56

Health: -1/27      AC: 10    Str: 18    XL:     2   Next: 87%
Magic:  2/2        EV:  7    Int:  8    God:
Gold:   65         SH:  4    Dex: 10    Spells: 1/1 levels left

rFire   . . .        a - +1 war axe
rCold   . . .        c - +0 buckler
rNeg    . . .        k - +0 chain mail
rPois   .            (no helmet)
rElec   .            (no cloak)
rCorr   .            (no gloves)
SInv    .            f - +0 pair of boots
Will    .....        (no amulet) Stlth
                     (no ring)
HPRegen 0.24/turn    (no ring)
MPRegen 0.08/turn

%: no passive effects
@: mighty, lethally poisoned (-1 -> -10)
A: no striking features
a: no special abilities


You were on level 2 of the Dungeon.
You visited 1 branch of the dungeon, and saw 2 of its levels.

You collected 65 gold pieces.

Inventory:

Hand Weapons
 a - a +1 war axe (weapon)
Missiles
 n - 8 poisoned darts
Armour
 b - a +0 scale mail
 c - a +0 buckler (worn)
 f - a +0 pair of boots (worn)
 k - a +0 chain mail (worn)
Scrolls
 i - a scroll of identify
Potions
 h - a potion of attraction {unknown}
 j - a potion of ambrosia {unknown}


   Skills:
 + Level 4.0 Fighting
 + Level 3.2 Axes
 + Level 3.5 Armour
 + Level 3.6 Shields


You had one spell level left.
You didn't know any spells.
Your spell library contained the following spells:

 Spells                   Type           Power      Damage    Failure   Level
 Magic Dart               Conj           0%         1d3       99%         1
 Call Imp                 Summ           0%         N/A       100%        2
 Mephitic Cloud           Conj/Pois/Air  0%         N/A       100%        3


Dungeon Overview and Level Annotations

Branches:
Dungeon (2/15)

Altars:


Message History

You barely miss the frilled lizard. You barely miss the kobold.
* * * LOW HITPOINT WARNING * * *
You feel very sick.
The frilled lizard bites you but does no damage.
The kobold hits you with a +2 dagger of venom.
* * * LOW HITPOINT WARNING * * *
Unknown command.
You feel better.
The frilled lizard completely misses you.
The kobold hits you but does no damage.
You are poisoned.
Unknown command.
You completely miss the kobold.
The kobold is heavily wounded.
You miss the frilled lizard.
* * * LOW HITPOINT WARNING * * *
You feel very sick. You block the kobold's attack.
The frilled lizard closely misses you.
Unknown command.
You closely miss the kobold.
The kobold is heavily wounded.
You miss the frilled lizard.
* * * LOW HITPOINT WARNING * * *
You feel sick. The frilled lizard barely misses you.
The kobold closely misses you.
The kobold hits you with a +2 dagger of venom.
* * * LOW HITPOINT WARNING * * *
You are lethally poisoned!
The frilled lizard bites you but does no damage.
You barely miss the kobold.
The kobold is heavily wounded.
You miss the frilled lizard.
* * * LOW HITPOINT WARNING * * *
You feel very sick.
The frilled lizard completely misses you.
You block the kobold's attack.
You slash the kobold!
You kill the kobold!
You miss the frilled lizard.
You die...

##########...#
#..........###
........#####
.......<....#####...
........###.........
#............#######.
.............#.......
..............†......
........#....@l......
........#.##..)..!...
####..#...##)........
##....###.........
##... .......... ...
........[..
...........
............


You could see a frilled lizard.

Vanquished Creatures
  A dart slug (D:1)
  3 ball pythons (D:1)
  An endoplasm (D:2)
  2 goblins
  3 hobgoblins (D:1)
  A quokka (D:1)
  3 bats (D:1)
  A frilled lizard (D:2)
  3 kobolds
  2 rats (D:1)
20 creatures vanquished.

Notes
Turn   | Place    | Note
-------+----------+-------------------------------------------
     0 | D:1      | p00ps00p the Hill Orc Fighter began the quest for the Orb.
     0 | D:1      | Reached XP level 1. HP: 19/19 MP: 1/1
    68 | D:1      | Reached XP level 2. HP: 27/27 MP: 2/2
   616 | D:2      | Reached skill level 4 in Fighting
   652 | D:2      | Succumbed to a kobold's poison

Illustrated notes

Levels and vault maps discovered:
D:1:      tekkud_arrival_beachfront_property, layout_rooms, minmay_tromino_i4
D:2:      layout_rooms, nicolae_figureground_pulse

Skill      XL: |  1  2 |
---------------+-------+-----
Axes           | 3 |  3.2
Fighting       | 4 |  4.0
Armour         | |  3.5
Shields        | |  3.6

Action                     || total
---------------------------++-------
  Melee: War axe           ||    47
    Use: Scroll            ||     4
         Potion            ||     3
 Armour: Scale mail        ||    10
         Chain mail        ||    29
  Dodge: Dodged            ||    28
  Block: Buckler           ||     9

Table legend: (Time is in decaauts)
 A = Elapsed time spent in this place.
 B = Non-inter-level travel time spent in this place.
 C = Inter-level travel time spent in this place.
 D = Time resting spent in this place.
 E = Time spent auto-exploring this place.
 F = Levels seen in this place.
 G = Mean time per level.
                   A        B        C        D        E       F      G
               +--------+--------+--------+--------+--------+-----+--------+
         Total |    669 |    647 |     22 |      0 |    492 |   2 |  334.5 |
       Dungeon |    669 |    647 |     22 |      0 |    492 |   2 |  334.5 |
               +--------+--------+--------+--------+--------+-----+--------+

Top non-repeatable levels by time:
     D:1: 624 daAuts
     D:2: 45 daAuts
